 Dungeon Crawl Stone Soup version 0.18.1-1-g2f07953 (webtiles) character file.

201 Danakh the Skirmisher (level 5, -1/63 HPs)
             Began as a Demonspawn Fighter on May 13, 2016.
             Slain by Shasbat's ghost (6 damage)
             ... on level 3 of the Dungeon.
             The game lasted 00:10:44 (2249 turns).

Danakh the Skirmisher (Demonspawn Fighter)          Turns: 2249, Time: 00:10:45

Health: -1/63      AC: 22    Str: 17    XL:     5   Next: 50%
Magic:  5/5        EV:  2    Int: 10    God:
Gold:   77         SH:  9    Dex: 12    Spells: 0 memorised, 4 levels left

rFire  . . .     SeeInvis .     a - +0 war axe
rCold  . . .     Gourm    +     (armour currently unavailable)
rNeg   + + +     Faith    .     c - +0 shield
rPois  +         Spirit   .     (helmet currently unavailable)
rElec  .         Dismiss  .     (cloak currently unavailable)
rCorr  .         Reflect  .     (gloves currently unavailable)
SustAt .         Harm     .     (boots currently unavailable)
MR     .....     NoTele   +     g - amulet of the gourmand
Stlth  ++........               (no ring)
                                (no ring)

@: lethally poisoned (-1 -> -2), tree-form, not resistant to hostile
enchantments, unstealthy
A: (iridescent scales 0), nightstalker 1
a: no special abilities


You were on level 3 of the Dungeon.
You were very full.
You were a tree.
You visited 1 branch of the dungeon, and saw 3 of its levels.

You collected 77 gold pieces.

Inventory:

Hand Weapons
 a - a +0 war axe (weapon)
Armour
 b - a +0 scale mail (melded)
 c - a +0 shield (worn)
Jewellery
 g - an amulet of the gourmand (around neck)
 m - an uncursed amulet of harm
Scrolls
 e - 2 scrolls of identify {unknown}
 h - a scroll of amnesia {unknown}
 i - a scroll of teleportation {unknown}
 k - 2 scrolls of enchant weapon {unknown}
 l - a scroll of fear {unknown}
 n - a scroll of magic mapping {unknown}
Potions
 d - a potion of might
Comestibles
 f - 2 bread rations
 o - a chunk of flesh


   Skills:
 + Level 4.0 Fighting
 * Level 3.4 Axes
 + Level 3.5 Armour
 + Level 3.3 Shields


You had 4 spell levels left.
You didn't know any spells.

Dungeon Overview and Level Annotations

Branches:
Dungeon (3/15)

Altars:
Ru

Annotations:
D:3 Shasbat's ghost, amateur MfGl


Innate Abilities, Weirdness & Mutations

((You are partially covered in iridescent scales (AC +4).))
You are slightly more attuned to the shadows.


Message History

The adder bites you.
* * * LOW HITPOINT WARNING * * *
You are poisoned.
The adder poisons you!
Unknown command.
Drink which item? (? for menu, Esc to quit)
It was a potion of lignification.
You turn into a tree.
Your +0 scale mail melds into your body.
Your roots penetrate the ground.
You feel sick. The adder bites you but does no damage.
You barely miss the adder.
The adder is lightly wounded.
The adder bites you but does no damage. The adder barely misses you.
Your shield prevents you from hitting Shasbat's ghost.
Shasbat's ghost is lightly damaged.
You closely miss the adder.
The adder is lightly wounded.
You feel sick. The adder bites you but does no damage.
Shasbat's ghost hits you.
You die...

#.......# #... #.......# #...
#.......# ####...
########.......###...... #######
#...##.........##..##... ......#
#......#..........###... ......#
#...................#...
......####......WS..>...####..#.#
.............†..♣##.#########....
.......###.###.##...# ##.........
...........# #.##...# #....###...
(.........## #.##..####....# ##..
<.........# ##.##..###.....# #..
)..#......###........[)....# ###
.....#..............#......#
..........#..#.?.#..#......#
..........##........##.....#


You could see Shasbat's ghost and an adder.

Vanquished Creatures
  Natasha (twice) (D:2)
  A worker ant (D:3)
  5 adders
  A worm (D:3)
  4 dart slugs
  3 giant geckos
  7 orcs
  4 giant cockroaches
  3 goblins
  4 hobgoblins
  8 jackals
  8 kobolds
  4 bats
  2 giant newts
  9 rats
65 creatures vanquished.

Notes
Turn   | Place    | Note
--------------------------------------------------------------
     0 | D:1      | Danakh the Demonspawn Fighter began the quest for the Orb.
     0 | D:1      | Reached XP level 1. HP: 18/18 MP: 1/1
   147 | D:1      | Gained mutation: You are partially covered in iridescent scales (AC +4). [demonic ancestry]
   147 | D:1      | Reached XP level 2. HP: 21/24 MP: 2/2
   513 | D:2      | Reached XP level 3. HP: 24/29 MP: 3/3
   842 | D:2      | Reached XP level 4. HP: 19/35 MP: 4/4
  1061 | D:2      | Noticed Natasha
  1070 | D:2      | Killed Natasha
  1455 | D:2      | Noticed Natasha
  1473 | D:2      | Killed Natasha
  1595 | D:2      | Found a sacrificial altar of Ru.
  1647 | D:3      | Gained mutation: You are slightly more attuned to the shadows. [demonic ancestry]
  1647 | D:3      | Reached XP level 5. HP: 32/42 MP: 5/5
  1972 | D:3      | Noticed Shasbat's ghost (amateur MfGl)
  2229 | D:3      | Reached skill level 4 in Fighting
  2249 | D:3      | Slain by Shasbat's ghost

Skill      XL: |  1  2  3  4  5 |
---------------+----------------+-----
Axes           | 2 3 |  3.4
Armour         | 3 |  3.5
Shields        | 3 |  3.3
Fighting       | 4 |  4.0

Action                   |  1- 3 |  4- 6 || total
-------------------------+-------+-------++-------
Melee: War axe           |   110 |   105 ||   215
  Use: Potion            |       |     1 ||     1
  Eat: Chunk             |    16 |     4 ||    20
Armor: Scale mail        |    75 |    75 ||   150
       Skin              |       |     3 ||     3
Dodge: Dodged            |    34 |    35 ||    69
Block: Shield            |    42 |    57 ||    99
